 Dungeon Sprint DCSS version 0.23-a0-147-g7935be9 (webtiles) character file.

5756 HallandMoats the Pandemonic (level 10, 0/106 HPs)
             Began as a Deep Dwarf Monk on Sept 6, 2018.
             Was a High Priest of Makhleb.
             Killed by the air
             ... invoked by a blizzard demon
             ... summoned by the player character
              (6 damage)
             ... in the Dungeon (Sprint IX: "|||||||||||||||||||||||||||||").
             The game lasted 00:04:15 (940 turns).

HallandMoats the Pandemonic (Deep Dwarf Monk)        Turns: 940, Time: 00:04:16

Health: 0/106      AC: 19    Str: 17    XL:     10   Next: 49%
Magic:  20/20      EV: 13    Int: 11    God:    Makhleb [*****.]
Gold:   32         SH:  0    Dex: 16    Spells: 9/9 levels left

rFire    . . .     SeeInvis .   a - +2 scimitar (flame)
rCold    . . .     Gourm    .   (no shield)
rNeg     . . .     Faith    .   q - +1 chain mail
rPois    .         Spirit   .   (no helmet)
rElec    .         Reflect  .   (no cloak)
rCorr    .         Harm     .   n - +0 pair of gloves
MR       +....     NoTele   +   u - +0 pair of boots
Stlth    ..........             (no amulet)
HPRegen  0.00/turn              o - +2 ring of protection
MPRegen  0.17/turn              p - +2 ring of protection

@: non-regenerating
A: damage resistance, heal wounds, sense surroundings 2, no regeneration
a: Heal Wounds, Minor Destruction, Lesser Servant of Makhleb, Major Destruction,
Greater Servant of Makhleb, Renounce Religion


You were in the Dungeon.
You worshipped Makhleb.
Makhleb was extremely pleased with you.
You were hungry.

You visited 1 branch You collected 32 gold pieces.

Inventory:

Hand Weapons
 a - a +2 scimitar of flaming (weapon)
Armour
 n - a +0 pair of gloves (worn)
 q - a +1 chain mail (worn)
 u - a +0 pair of boots (worn)
Jewellery
 o - a +2 ring of protection (left hand)
 p - a +2 ring of protection (right hand)
Wands
 m - a wand of acid (10)
Scrolls
 k - 3 scrolls of remove curse
 l - 2 scrolls of amnesia
 r - 4 scrolls of identify
 s - 2 scrolls of enchant weapon
Potions
 b - a potion of brilliance
 d - 6 potions of curing
 e - 4 potions of heal wounds
 f - 2 potions of agility
 g - 4 potions of magic
 h - a potion of might
 j - 2 potions of lignification
Comestibles
 c - 11 rations


   Skills:
 * Level 12.1 Fighting
 * Level 13.1 Long Blades
 + Level 10.0 Armour
 + Level 10.5 Dodging
 - Level 2.4 Stealth
 * Level 14.7 Invocations


You had 9 spell levels left.
You didn't know any spells.
Your spell library was empty.

Dungeon Overview and Level Annotations

Branches:
Dungeon (1/1)

Altars:
Cheibriados
Dithmenos
Elyvilon
Fedhas
Gozag
Hepliaklqana
Kikubaaqudgha
Makhleb
Nemelex Xobeh
Okawaru
Qazlal
Ru
Sif Muna
Trog
Uskayaw
Vehumet
Wu Jian
Xom
Yredelemnul
Zin
The Shining One
Beogh
Jiyva
Lugonu

Annotations:
D Psyche, Sonja


Innate Abilities, Weirdness & Mutations

You are resistant to damage.
You can heal yourself by infusing magical energy.
You passively map the area around you.
You do not regenerate.


Message History

Your orange demon misses the blizzard demon.
Your orange demon barely misses the blizzard demon.
The blizzard demon gestures at you.
The bolt of cold hits your orange demon.
Your orange demon stings the blizzard demon but does no damage.
Your orange demon hits the blizzard demon.
There is an open door here.
The blizzard demon hits your orange demon!!
Your orange demon dies!
A demon appears!
You see here 16 bolts.
Psyche gestures wildly while chanting.
Psyche flickers and vanishes!
Deactivating autopickup; reactivate with Ctrl-A.
Your orange demon stings the blizzard demon but does no damage.
Your orange demon hits the blizzard demon.
The blizzard demon looks weaker.
The blizzard demon waves its arms in wide circles.
The air twists around and strikes you!
You die...

, , ,, , ,,,,,, , * * ** ** * * ,
,, , ,, , , * * * * * * * , , ,+
∩,, , ,
▓▓▓▓▓▓▓▓▓▓▓▓▓▓▓▓▓▓▓▓▓▓▓▓▓▓▓▓▓▓▓
.............§§§§§§§§22@.2K....,
▓▓▓▓▓▓▓▓▓▓▓▓▓▓▓▓▓▓▓▓▓▓▓▓▓▓▓▓▓▓▓▓▓
...'..[.[[24'.(.@........'†......
▓▓▓▓▓▓▓▓▓▓▓▓▓▓▓▓▓▓▓▓▓▓▓▓▓▓▓▓▓▓▓▓▓
.................................
▓▓▓▓▓▓▓▓▓▓▓▓▓▓▓▓▓▓▓▓▓▓▓▓▓▓▓▓▓▓▓▓▓
.'......'..)..)'..[[.)|..'_______
▓▓▓▓▓▓▓▓▓▓▓▓▓▓▓▓▓▓▓▓▓▓▓▓▓▓▓▓▓▓▓▓▓


You could see a blizzard demon and a friendly orange demon.

Vanquished Creatures
  A rime drake (D)
  A komodo dragon (D)
  A troll (D)
  2 polar bears (D)
  3 hippogriffs (D)
  A wyvern (D)
  3 yaks (D)
  5 water moccasins (D)
  2 orc warriors (D)
  2 porcupines (D)
  An ice beast (D)
  A sky beast (D)
  A crocodile (D)
  A big kobold (D)
  3 bullfrogs (D)
  2 iguanas (D)
  An adder (D)
  A shadow imp (D)
  An orc (D)
  2 goblins (D)
  A jackal (D)
  2 bats (D)
  A kobold (D)
39 creatures vanquished.

Vanquished Creatures (collateral kills)
  A catoblepas (D)
  5 death yaks (D)
  A yak (D)
  A wyvern (D)
  A phantom (D)
9 creatures vanquished.

Grand Total: 48 creatures vanquished

Notes
Turn   | Place    | Note
-------+----------+-------------------------------------------
     0 | D        | HallandMoats the Deep Dwarf Monk began the quest for the
                  | Orb.
     0 | D        | Reached XP level 1. HP: 20/20 MP: 1/1
    11 | D        | Reached skill level 1 in Armour
    25 | D        | Noticed a sky beast
    45 | D        | Killed a sky beast
    45 | D        | Reached skill level 5 in Fighting
    45 | D        | Reached skill level 5 in Long Blades
    45 | D        | Reached skill level 5 in Dodging
    45 | D        | Reached XP level 2. HP: 17/32 MP: 2/2
    45 | D        | Reached XP level 3. HP: 20/39 MP: 3/3
    45 | D        | Reached XP level 4. HP: 24/46 MP: 4/4
    56 | D        | Found a roughly hewn altar of Beogh.
    56 | D        | Found a snail-covered altar of Cheibriados.
    56 | D        | Found a shadowy altar of Dithmenos.
    56 | D        | Found a white marble altar of Elyvilon.
    56 | D        | Found a blossoming altar of Fedhas.
    56 | D        | Found an opulent altar of Gozag.
    57 | D        | Found a hazy altar of Hepliaklqana.
    58 | D        | Found a viscous altar of Jiyva.
    59 | D        | Found an ancient bone altar of Kikubaaqudgha.
    60 | D        | Found a corrupted altar of Lugonu.
    61 | D        | Found a burning altar of Makhleb.
    62 | D        | Found a sparkling altar of Nemelex Xobeh.
    63 | D        | Found an iron altar of Okawaru.
    64 | D        | Found a stormy altar of Qazlal.
    65 | D        | Found a sacrificial altar of Ru.
    66 | D        | Found a deep blue altar of Sif Muna.
    67 | D        | Found a bloodstained altar of Trog.
    68 | D        | Found a hide-covered altar of Uskayaw.
    69 | D        | Became a worshipper of Makhleb the Destroyer
    69 | D        | Reached * piety under Makhleb
    69 | D        | Reached ** piety under Makhleb
    70 | D        | Found a radiant altar of Vehumet.
    71 | D        | Found an ornate altar of the Wu Jian Council.
    72 | D        | Found a shimmering altar of Xom.
    73 | D        | Found a basalt altar of Yredelemnul.
    74 | D        | Found a glowing silver altar of Zin.
    75 | D        | Found a glowing golden altar of the Shining One.
   129 | D        | Noticed an orc warrior
   129 | D        | Noticed a troll
   129 | D        | Noticed a hippogriff
   129 | D        | Noticed an ice beast
   129 | D        | Noticed an orc warrior
   141 | D        | Killed an orc warrior
   141 | D        | Reached skill level 4 in Invocations
   141 | D        | Reached XP level 5. HP: 48/56 MP: 3/7
   145 | D        | Killed an ice beast
   145 | D        | Reached skill level 5 in Armour
   145 | D        | Reached skill level 5 in Invocations
   145 | D        | Reached XP level 6. HP: 56/66 MP: 3/9
   152 | D        | Killed a hippogriff
   152 | D        | Reached skill level 7 in Invocations
   161 | D        | Killed a troll
   161 | D        | Reached skill level 8 in Invocations
   161 | D        | Reached XP level 7. HP: 73/75 MP: 4/12
   177 | D        | Reached *** piety under Makhleb
   177 | D        | Reached skill level 9 in Invocations
   203 | D        | Noticed a hippogriff
   203 | D        | Noticed a wyvern
   203 | D        | Noticed a yak
   210 | D        | Killed a yak
   218 | D        | Killed a wyvern
   218 | D        | Reached XP level 8. HP: 61/85 MP: 10/14
   223 | D        | Reached **** piety under Makhleb
   231 | D        | Killed a hippogriff
   231 | D        | Reached skill level 10 in Long Blades
   231 | D        | Reached skill level 10 in Invocations
   469 | D        | Noticed a komodo dragon
   481 | D        | Reached ***** piety under Makhleb
   484 | D        | Reached skill level 11 in Invocations
   492 | D        | Reached skill level 10 in Fighting
   497 | D        | Killed a komodo dragon
   497 | D        | Gained mutation: You passively map the area around you.
                  | [Deep Dwarf growth]
   497 | D        | Reached XP level 9. HP: 81/93 MP: 16/16
   508 | D        | Reached skill level 12 in Invocations
   533 | D        | Noticed a polar bear
   533 | D        | Noticed a polar bear
   535 | D        | Noticed a rime drake
   546 | D        | Reached ****** piety under Makhleb
   559 | D        | Killed a polar bear
   571 | D        | Killed a polar bear
   571 | D        | Reached skill level 13 in Invocations
   573 | D        | Killed a rime drake
   599 | D        | Noticed a death yak
   599 | D        | Noticed a death yak
   599 | D        | Noticed a death yak
   599 | D        | Noticed a death yak
   599 | D        | Noticed a catoblepas
   599 | D        | Noticed a death yak
   642 | D        | Killed a death yak
   642 | D        | Reached skill level 10 in Dodging
   642 | D        | Reached XP level 10. HP: 77/105 MP: 19/19
   649 | D        | Killed a catoblepas
   650 | D        | Killed a death yak
   650 | D        | Reached skill level 14 in Invocations
   652 | D        | Killed a death yak
   654 | D        | Killed a death yak
   656 | D        | Killed a death yak
   664 | D        | Reached skill level 10 in Armour
   825 | D        | Noticed Psyche
   827 | D        | Noticed Sonja
   828 | D        | Noticed a green death
   829 | D        | Noticed a blizzard demon
   940 | D        | Killed from afar by a blizzard demon

Vault maps used:
D:        linesprint

Skill      XL: |  1  2  3  4  5  6  7  8  9 10 |
---------------+-------------------------------+-----
Fighting       | 5 6 7 8 9 10 11 12 | 12.1
Armour         | 3 4 5 6 8 9 10 | 10.0
Long Blades    | 5 7 9 11 12 13 | 13.1
Dodging        | 5 6 7 8 10 | 10.5
Invocations    | 4 5 8 9 11 13 14 | 14.7
Stealth        | |  2.4

Action                   |  1- 3 |  4- 6 |  7- 9 | 10-12 || total
-------------------------+-------+-------+-------+-------++-------
Melee: Falchion          |    27 |     6 |       |       ||    33
       Scimitar          |       |    29 |   132 |     2 ||   163
Invok: Lesser Servant of |       |       |     2 |     2 ||     4
       Greater Servant o |       |       |     1 |     3 ||     4
 Abil: Heal Wounds       |     1 |     1 |       |       ||     2
  Use: Potion            |     1 |     3 |       |       ||     4
       Scroll            |       |       |       |     2 ||     2
 Stab: Sleeping          |     2 |       |       |       ||     2
       Invisible         |       |     6 |     3 |       ||     9
Armor: Robe              |     3 |     1 |       |       ||     4
       Chain mail        |       |     7 |    69 |     1 ||    77
Dodge: Dodged            |    12 |    22 |    69 |     3 ||   106
       Rpst.: Falchion   |     2 |       |       |       ||     2
       Scimitar          |       |     6 |    20 |       ||    26

Table legend:
 A = Non-vault XP
 B = Vault XP
 C = Vault XP percentage of total XP
 D = Non-vault monster count
 E = Vault monster count
 F = Vault count percentage of total count
                 A         B        C        D         E       F
            +---------+---------+-------+---------+---------+-------
      Total |       0 |    8223 | 100.0 |       0 |      48 | 100.0
            +---------+---------+-------+---------+---------+-------
          D |       0 |    8223 | 100.0 |       0 |      48 | 100.0
            +---------+---------+-------+---------+---------+-------
